[Event "*** Titled Tuesday Blitz"]
[Site "Chess.com"]
[Date "2020.05.05"]
[Round "6"]
[White "youngKID"]
[Black "11kevin"]
[Result "1-0"]
[WhiteElo "2782"]
[BlackElo "2522"]
[TimeControl "180+1"]
[EndTime "11:08:44 PDT"]
[Termination "youngKID won by checkmate"]

1. Nf3 Nf6 2. b3 b6 3. Bb2 Bb7 4. g3 g6 5. Bg2 Bg7 6. O-O O-O 7. c4 c5 8. d4 cxd4 9. Qxd4 d5 10. cxd5 Qxd5 11.
Nc3 Qxd4 12. Nxd4 Bxg2 13. Kxg2 Nbd7 14. Nc6 Rfe8 15. Rac1 Ne4 16. Rfd1 Ndc5 17. b4 Nxc3 18. Bxc3 Bxc3 19. Rxc3 Ne6 20. Rd7 a5 21. bxa5 bxa5 22.
Nxe7+ Kf8 23. Nc6 Rec8 24. Rdd3 Rc7 25. Nd4 Nc5 26. Rd1 a4 27. Nb5 Rd7 28. Rxd7 Nxd7 29. Rc7 Ke7 30. Nc3 Ra5 31. Rb7 a3 32. Kf3 Ke6 33. Ke3 Nc5 34. Rb5 Rxb5 35. Nxb5 Na4 36. Kd4 Nb2 37. Nxa3 Nd1 38. Nc4 Nxf2 39. a4 Ng4 40. Kc5 Kd7 41. Kb6 Kc8 42. a5 Kb8 43.
a6 Nf6 44. Ne5 Nd5+ 45. Kc6 Nb4+ 46. Kb5 Nd5 47. Nxf7 Ka7 48. Ng5 h6 49. Nf7 Nc3+ 50. Ka5 Nxe2 51. Nxh6 Nd4 52. Nf7 Nf3 53. h4 Nd4 54. Ne5 Nb3+ 55. Kb4 Nd4 56. Nxg6 Kxa6 57. h5 Nf5 58. g4 Nh6 59. Ne5 Kb6 60. g5 Nf5 61. h6 Kc7 62. h7 Kd6 63. h8=Q Ne7 64.
Qf6+ Kd5 65. Qxe7 Ke4 66. Kc4 Kf5 67. Qf6+ Ke4 68. Qf3+ Kxe5 69. Kc5 Ke6 70. Qf4 Kd7 71. Qf5+ Ke8 72. Qh7 Kd8 73. Kd6 Kc8 74. Qc7# 1-0

[Event "*** Titled Tuesday Blitz"]
[Site "Chess.com"]
[Date "2020.05.05"]
[Round "6"]
[White "kpio91"]
[Black "StegariuVlad"]
[Result "0-1"]
[WhiteElo "2736"]
[BlackElo "2531"]
[TimeControl "180+1"]
[EndTime "11:08:44 PDT"]
[Termination "StegariuVlad won on time"]

1. d4 Nf6 2. c4 e6 3. Nc3 d5 4.
cxd5 Nxd5 5. e4 Nxc3 6. bxc3 c5 7. Nf3 cxd4 8. cxd4 Bb4+ 9. Bd2 Bxd2+ 10. Qxd2 O-O 11.
Bc4 b6 12. O-O Bb7 13. Rfe1 Nd7 14. Rad1 Rc8 15. Bb3 Qc7 16. h3 Rfd8 17. Re3 Nf6 18. Qe2 Qf4 19. Re1 Rc7 20. e5 Nd5 21. Re4 Qh6 22.
Rh4 Qg6 23. Rg4 Qh6 24. Ng5 Nf4 25. Qe3 Nxg2 26. Rxg2 Bxg2 27. Kxg2 Rcd7 28. Nf3 Qg6+ 29. Kh2 Rc7 30. Rg1 Qf5 31. Rg5 Qb1 32. Nd2 Qc1 33.
Rxg7+ Kxg7 34. Qg5+ Kf8 35. Qxd8+ Kg7 36. Qg5+ Kf8 37.
Ne4 Qxg5 38. Nxg5 h6 39. Ne4 Rc1 40. Kg2 b5 41. Nd6 a6 42. Kf3 Rc3+ 43. Kg2 Rd3 44. Bc2 Rxd4 45. Kg3 Rd2 46. Bb3 Re2 47. f4 Re3+ 48. Kg4 Rc3 49. h4 Kg7 50. h5 Rc5 51. Kf3 a5 52. Nb7 Rc3+ 53. Ke4 a4 54.
Bd1 Rc1 55. Be2 Ra1 56. Bxb5 Rxa2 57. Bc4 Rb2 58. Nc5 a3 59. Nd3 a2 60. Bxa2 Rxa2 61.
f5 Ra4+ 0-1

[Event "*** Titled Tuesday Blitz"]
[Site "Chess.com"]
[Date "2020.05.05"]
[Round "6"]
[White "MathiasWomacka"]
[Black "Borsuk_Konstantin"]
[Result "0-1"]
[WhiteElo "2448"]
[BlackElo "2631"]
[TimeControl "180+1"]
[EndTime "11:08:44 PDT"]
[Termination "Borsuk_Konstantin won by resignation"]

1. e4 e6 2. d4 d5 3. Nd2 Nf6 4. e5 Nfd7 5. Bd3 c5 6. c3 Nc6 7.
Ne2 b6 8. Nf3 h6 9. O-O cxd4 10.
cxd4 Nb4 11. Bb1 Ba6 12. Re1 Qc7 13. a3 Nc6 14. Nf4 O-O-O 15. b4 Bc4 16. Be3 b5 17. Nd2 Nb6 18. Nb3 Na4 19. Nc5 Bxc5 20. bxc5 Nc3 21. Qd2 Nxb1 22. Raxb1 g6 23. Nd3 h5 24. Nb4 Nxb4 25.
axb4 Kb7 26. Ra1 a6 27. Bg5 Ra8 28. Ra3 Ra7 29. h4 Rha8 30. Rea1 a5 31. bxa5 Ka6 32. Qb4 Qc6 33. Be7 Rxe7 34. Qd2 Rb7 35. Qb4 Qe8 36. Rf3 Qe7 37. Rf6 Rba7 38. Ra3 Kb7 39.
Raf3 Kc6 40. Kh2 Rf8 41. Kh3 Be2 42. Re3 Bg4+ 43. Kg3 Qc7 44. f3 Bf5 45. Kf4 Rxa5 46. g4 Ra4 47. Qb2 hxg4 48. fxg4 Be4 49. Rb3 Qa5 50.
h5 gxh5 51. gxh5 Bf5 52. Rg3 Ra2 53. Qc1 Qd2+ 54. Qxd2 Rxd2 55. Rg7 Rxd4+ 56. Ke3 Re4+ 57. Kd2 Rxe5 58. Rfxf7 Rxf7 59. Rxf7 Re4 0-1

[Event "*** Titled Tuesday Blitz"]
[Site "Chess.com"]
[Date "2020.05.05"]
[Round "6"]
[White "Atanejhad"]
[Black "icychess54"]
[Result "0-1"]
[WhiteElo "2465"]
[BlackElo "2310"]
[TimeControl "180+1"]
[EndTime "11:08:44 PDT"]
[Termination "icychess54 won on time"]

1. e4 c5 2. Nf3 d6 3. d4 cxd4 4.
Nxd4 Nc6 5. Nc3 Nf6 6. f3 e6 7. Be3 Be7 8. Qd2 a6 9. O-O-O Qc7 10. g4 O-O 11. g5 Nd7 12. h4 b5 13. h5 b4 14. Nce2 Nc5 15. g6 Bf6 16. Kb1 a5 17. gxh7+ Kxh7 18. Nxc6 Qxc6 19. Qxd6 Qxd6 20. Rxd6 Na4 21.
Bd4 e5 22. Be3 Ra6 23. Rxa6 Bxa6 24. Ng3 Bxf1 25. Rxf1 Rd8 26. Nf5 Rd7 27. Rg1 Rd8 28.
Kc1 Rd7 29. Bg5 Bxg5+ 30. Rxg5 f6 31. Rg2 Nb6 32. h6 g6 33. Nh4 g5 34. Nf5 Nc4 35. b3 Na3 36. Ne3 Kxh6 37. Nd5 Kg6 38. Rd2 Kf7 39. Kb2 Nb5 40. a4 Nd4 41. Rd3 Ke6 42. Ne3 Nxf3 43. Nd5 Nd4 44. Rh3 g4 45. Rh6 Rg7 46. Rxf6+ Kd7 47. Rf2 g3 48. Rg2 Nf3 49. c4 Nh4 50. Rg1 g2 51. Ne3 Rg3 52. Nf5 Nxf5 53. exf5 e4 0-1

[Event "*** Titled Tuesday Blitz"]
[Site "Chess.com"]
[Date "2020.05.05"]
[Round "6"]
[White "GOGIEFF"]
[Black "mrkvoz"]
[Result "1/2-1/2"]
[WhiteElo "2998"]
[BlackElo "2825"]
[TimeControl "180+1"]
[EndTime "11:08:49 PDT"]
[Termination "Game drawn by agreement"]

1. d4 d6 2. c4 e5 3. Nf3 e4 4. Nfd2 f5 5. Nc3 Nf6 6. e3 g6 7. b4 Bg7 8. Qb3 c5 9. bxc5 dxc5 10. Qb5+ Nbd7 11. Ba3 a6 12. Qb2 O-O 13. Nb3 b6 14.
Rd1 Qc7 15. Be2 Re8 16. O-O cxd4 17. Nxd4 Nc5 18. Rb1 Rb8 19. Nd5 Nxd5 20. cxd5 Bd7 21.
Rfc1 f4 22. Qd2 fxe3 23. Qxe3 Qd6 24. Nb3 Kh8 25. Nxc5 bxc5 26. Qxc5 Qe5 27. Rxb8 Rxb8 28. d6 Qxc5 29. Bxc5 Rb2 30. Bc4 Rd2 31. Bb3 Be5 32. Rd1 Rxd1+ 33. Bxd1 Kg7 34. Be2 a5 35. Bc4 Kf6 36.
g3 Be6 37. Bb5 Bxa2 38. d7 Bc7 39. Ba4 Bd5 40. Kf1 Ke6 41. Ke2 Ke5 42. Ke3 Ke6 43. h4 h5 44. Bd1 Kxd7 45. Ba4+ Ke6 46. Be8 Kf6 47. Bd4+ Be5 48. Bb6 Bc3 49. Bd8+ Kg7 50. Ba4 Bf6 51. Bxa5 Be6 52. Kxe4 Bf5+ 53. Ke3 Bg4 54.
Bb6 Bf5 55. Bc7 Be6 56. Kf4 Bf5 57. Be5 Be6 58. Bc6 Bf7 59. Be4 Be6 60. f3 Bf7 61.
g4 hxg4 62. fxg4 Be6 63. g5 Bxe5+ 64. Kxe5 Ba2 65. Kd6 Bb3 66. Ke7 Ba2 67. Bc6 Bb3 68. Bd7 Ba2 69. Be6 Bb1 70. Kd6 Bc2 71. Ke5 Bd3 1/2-1/2

[Event "*** Titled Tuesday Blitz"]
[Site "Chess.com"]
[Date "2020.05.05"]
[Round "6"]
[White "Lion-Al-Messi"]
[Black "swisspower96"]
[Result "1/2-1/2"]
[WhiteElo "2433"]
[BlackElo "2600"]
[TimeControl "180+1"]
[EndTime "11:08:49 PDT"]
[Termination "Game drawn by repetition"]

1. d4 Nf6 2. Nf3 e6 3. Nc3 d5 4.
Bg5 Be7 5. e3 O-O 6. Bd3 Nbd7 7.
O-O c5 8. Re1 c4 9. Bf1 b5 10.
a3 a5 11. Nxb5 Rb8 12. a4 Ba6 13. b3 Bxb5 14. axb5 Bb4 15. bxc4 Bxe1 16. Qxe1 dxc4 17. Bxc4 Nb6 18. Bd3 a4 19. c4 Ra8 20. c5 Nc8 21.
b6 Nxb6 22. cxb6 Qxb6 23. Bxf6 gxf6 24. Qb1 Qxb1+ 25. Bxb1 Rfb8 26. Kf1 a3 27. Ke2 a2 28.
Bd3 Rb2+ 29. Nd2 e5 30. d5 Kf8 31.
Bc4 Ra3 32. Kd1 Ke7 33. Kc1 Rb4 34. Kc2 Kd6 35. Rxa2 Rxa2+ 36. Bxa2 f5 37. Bb3 Rg4 38. g3 Rg6 39. Kd3 Rh6 40. h4 Rg6 41. e4 f4 42.
Nc4+ Kc5 43. d6 fxg3 44. d7 gxf2 45. Ne3 Rd6+ 46. Ke2 Rxd7 47. Kxf2 Kd4 48. Bd5 Ra7 49. Nf5+ Kd3 50. Kf3 h5 51. Nd6 f6 52. Ne8 Kd4 53.
Nxf6 Ra3+ 54. Kf2 Rh3 55. Nxh5 Rxh4 56. Ng7 Rf4+ 57. Ke2 Rxe4+ 58. Bxe4 Kxe4 59. Nf5 Kf4 60. Nd6 Kg5 61. Ne4+ Kf4 62. Kd3 Kf5 63. Nd2 Kf4 64. Ne4 Kf3 65. Nd2+ Kf4 66. Ne4 1/2-1/2

[Event "*** Titled Tuesday Blitz"]
[Site "Chess.com"]
[Date "2020.05.05"]
[Round "6"]
[White "AminMolaei"]
[Black "manmanlai1"]
[Result "1-0"]
[WhiteElo "2509"]
[BlackElo "2338"]
[TimeControl "180+1"]
[EndTime "11:08:52 PDT"]
[Termination "AminMolaei won by resignation"]

1. d4 d5 2. c4 e6 3. Nf3 Nf6 4. g3 Bb4+ 5. Bd2 Be7 6. Bg2 O-O 7. O-O c6 8. Qc2 b6 9. Rd1 Bb7 10. Bf4 Nbd7 11. Nbd2 Rc8 12. e4 h6 13. e5 Ne8 14.
cxd5 cxd5 15. Qd3 Nc7 16. Rac1 Nb8 17. h4 Na8 18. Nf1 Rxc1 19. Rxc1 Qd7 20. Ne3 Rc8 21.
Rc3 Rxc3 22. bxc3 Ba6 23. Qd2 Qb5 24. Ng4 Qd3 25. Qc1 Bf8 26. Bxh6 gxh6 27. Nf6+ Kh8 28. Qf4 Qf5 29. Qxf5 exf5 30. Nxd5 Bc4 31. Ne3 Bxa2 32. d5 Nd7 33. d6 a5 34. Nd4 Nxe5 35. Nexf5 a4 36. Bxa8 a3 37. f4 Nd7 38. Bc6 Be6 39. Ne3 a2 40. Ndc2 Nc5 41. f5 Bc8 42. Bd5 Bxd6 43.
g4 Be5 44. Bxf7 Bxc3 45. Bxa2 Kg7 46. Nd5 Be5 47. Nxb6 Bb7 48. Bd5 Ba6 49. Kg2 Nd3 50. Nd7 Bd6 51. f6+ Kg6 52. Be4+ Kf7 53. Ne3 Nf4+ 54.
Kf3 Be2+ 55. Kf2 Bb5 56. Nf5 Bxd7 57. Nxd6+ Kxf6 58. Kf3 Ne6 59. Bf5 Ba4 60. Ne4+ Ke5 61. Bxe6 Kxe6 62. Nc5+ Ke5 63. Nxa4 Kf6 64. Nc3 Kg6 65. Ne4 h5 66. g5 Kf5 67. Ng3+ 1-0

[Event "*** Titled Tuesday Blitz"]
[Site "Chess.com"]
[Date "2020.05.05"]
[Round "6"]
[White "zubridis"]
[Black "JoachimMouhamad"]
[Result "1-0"]
[WhiteElo "2456"]
[BlackElo "2292"]
[TimeControl "180+1"]
[EndTime "11:08:52 PDT"]
[Termination "zubridis won on time"]

1. d4 Nf6 2. Nf3 g6 3. c4 Bg7 4. Nc3 d5 5. Qa4+ Qd7 6. Qxd7+ Nbxd7 7. cxd5 O-O 8. e4 Nb6 9. h3 e6 10. dxe6 Bxe6 11. Bg5 Rfe8 12. O-O-O c6 13. Bd3 h6 14. Bf4 Rad8 15. Rhe1 g5 16. Bc7 Rd7 17. Be5 Nc4 18.
Bxf6 Bxf6 19. d5 cxd5 20. exd5 Nxb2 21. Kxb2 Rxd5 22. Bh7+ Kxh7 23. Rxd5 Bxc3+ 24. Kxc3 Rc8+ 25. Kd4 Bxd5 26. Kxd5 Rc2 27. Rf1 Rxa2 28. g4 Ra3 29.
Ke4 Ra4+ 30. Ke5 Ra3 31. Nd4 Rxh3 32. Rc1 h5 33. Kf5 hxg4 34. Rc7 Rd3 35. Ne6 Kg8 36. Rc8+ Kh7 37. Nxg5+ Kg7 38. Kxg4 Rd4+ 39. Kf5 Rd5+ 40. Kf4 Rd4+ 41. Ne4 Rd7 42. f3 a6 43. Ra8 Rc7 44.
Rd8 Rc6 45. Rd7 b5 46. Rb7 Rc4 47. Ke5 Ra4 48. Nd6 Kg6 49. Rb6 b4 50. Ne4+ Kg7 51. f4 a5 52. f5 Ra1 53. f6+ Kg6 54. Rb8 Ra3 55. Rg8+ Kh6 56. Rg7 b3 57. Ng3 b2 58.
Nf5+ Kh5 59. Rg1 1-0

[Event "*** Titled Tuesday Blitz"]
[Site "Chess.com"]
[Date "2020.05.05"]
[Round "6"]
[White "viktorskliarov"]
[Black "Ceejay271"]
[Result "1-0"]
[WhiteElo "2577"]
[BlackElo "2380"]
[TimeControl "180+1"]
[EndTime "11:08:53 PDT"]
[Termination "viktorskliarov won on time"]

1. e4 c5 2. Nf3 Nc6 3. Bb5 g6 4. O-O Bg7 5. Re1 Nf6 6. e5 Nd5 7. Nc3 Nc7 8. Bxc6 dxc6 9. Ne4 Ne6 10. d3 h6 11. Be3 b6 12. a3 Qc7 13. b4 Bxe5 14. Nxe5 Qxe5 15. bxc5 bxc5 16. Bxc5 Nxc5 17. d4 Qxe4 18. Rxe4 Nxe4 19. Qf3 f5 20. Qb3 Rf8 21. f3 Nd6 22. Re1 Rf6 23. c4 Re6 24. Rxe6 Bxe6 25. d5 cxd5 26. cxd5 Bd7 27. Qe3 g5 28. h4 f4 29. Qe5 O-O-O 30. Qxe7 Nf5 31. Qc5+ Kb7 32. Qb4+ Ka8 33. hxg5 hxg5 34. Qa5 Rc8 35. Kf2 Rc2+ 36.
Ke1 Ne3 37. Qd8+ Bc8 38. d6 Rc1+ 39. Kd2 Rd1+ 40. Kc3 Rc1+ 41. Kb2 Rc2+ 42. Kb3 Kb7 43. d7 Bxd7 44. Qxd7+ Kb6 45. Qd8+ Kb7 46. Qxg5 Rxg2 47. Qxf4 Nc2 48. Qf7+ Kb6 49. Qe6+ Kb7 50. Qd7+ Kb6 51. Qd6+ Kb7 52. f4 Na1+ 53. Kc3 Rc2+ 54. Kd3 Rc6 55.
Qe7+ Rc7 56. Qb4+ Kc8 57. f5 Nc2 58. Qf8+ Kb7 59. f6 Ne1+ 60. Ke2 Nc2 61. f7 Nd4+ 62. Kd3 Ne6 63. Qe8 Nc5+ 64. Ke2 Rc8 65. Qxc8+ 1-0

[Event "*** Titled Tuesday Blitz"]
[Site "Chess.com"]
[Date "2020.05.05"]
[Round "6"]
[White "TerorPtica"]
[Black "vlad_Sid"]
[Result "0-1"]
[WhiteElo "2790"]
[BlackElo "2627"]
[TimeControl "180+1"]
[EndTime "11:08:54 PDT"]
[Termination "vlad_Sid won on time"]

1. d4 Nf6 2. c4 c5 3. d5 b5 4. cxb5 a6 5. bxa6 g6 6. Nc3 Bg7 7. e4 O-O 8. Nf3 e6 9. Be2 exd5 10. exd5 Bxa6 11. Bxa6 Nxa6 12. O-O d6 13. h3 Re8 14. Bf4 Rb8 15. b3 Ne4 16. Nxe4 Rxe4 17. Bg5 Qa5 18. Bd2 Qa3 19. Bc1 Qa5 20. Bd2 Qa3 21. Bc1 Qb4 22. Rb1 Qb7 23. Qd3 f5 24. a3 c4 25. Qd1 cxb3 26. Nd2 Rd4 27.
Rxb3 Qxb3 28. Qxb3 Rxb3 29. Nxb3 Rxd5 30. Be3 Rd3 31.
Rb1 Nc7 32. a4 Nd5 33. Bd2 Bc3 34. Bh6 Bf6 35. a5 Bd8 36. Nd2 Bxa5 37. Rb8+ Kf7 38. Nc4 Bc7 39. Rf8+ Ke6 40. Re8+ Kd7 41. Rh8 Nf6 42.
Bg7 Rd1+ 43. Kh2 d5+ 44. g3 dxc4 45. Bxf6 Bb6 46. Rxh7+ Kc6 47. Rg7 Bxf2 48. Rxg6 Rd6 49. Rh6 Bd4 50. Bg5 Rxh6 51. Bxh6 Kd5 52. h4 c3 53. Kh3 Ke4 54. g4 f4 55. g5 c2 56. g6 c1=Q 0-1

[Event "*** Titled Tuesday Blitz"]
[Site "Chess.com"]
[Date "2020.05.05"]
[Round "6"]
[White "Zhani-Z"]
[Black "PotapovaM"]
[Result "0-1"]
[WhiteElo "2506"]
[BlackElo "2392"]
[TimeControl "180+1"]
[EndTime "11:08:55 PDT"]
[Termination "PotapovaM won by resignation"]

1. e4 c5 2. Nf3 d6 3. Nc3 Nf6 4. e5 dxe5 5. Nxe5 a6 6. g3 Nbd7 7. d4 Nxe5 8. dxe5 Qxd1+ 9. Nxd1 Nd5 10. Bg2 Nb4 11. Ne3 e6 12. O-O Be7 13. Rd1 O-O 14.
c3 Nc6 15. Nc4 Rb8 16. Nb6 Nxe5 17. Bf4 f6 18. a4 Kf7 19. a5 g5 20. Bxe5 fxe5 21.
Re1 Bf6 22. Rad1 Ke7 23. Nc4 h6 24. Nxe5 Bxe5 25. Rxe5 b6 26. axb6 Rxb6 27. Rd2 Rf5 28. Re1 Bb7 29. Bxb7 Rxb7 30. Re4 Rb6 31. Kf1 Kf6 32.
h4 Rd5 33. hxg5+ hxg5 34. Rde2 Rd1+ 35. Kg2 Rb1 36. Rc4 Rb5 37. Ra4 a5 38. Ra2 e5 39.
Kf3 Kf5 40. Ke3 Rd1 41. Rd2 Re1+ 42. Kd3 Re4 43. f3 c4+ 44. Kc2 Re1 45. Ra4 Rc5 46. Rf2 Re3 47. Ra2 g4 48. f4 Rxg3 49.
fxe5+ Kxe5 50. Ra1 Rf3 51. Rg2 Kf4 52. Re1 g3 53. Re8 Rf2+ 54. Rxf2+ gxf2 55. Rf8+ Rf5 0-1

[Event "*** Titled Tuesday Blitz"]
[Site "Chess.com"]
[Date "2020.05.05"]
[Round "6"]
[White "pouya21"]
[Black "mikolka1985"]
[Result "0-1"]
[WhiteElo "2773"]
[BlackElo "2604"]
[TimeControl "180+1"]
[EndTime "11:08:56 PDT"]
[Termination "mikolka1985 won by resignation"]

1. d4 Nf6 2. c4 e6 3. Nc3 Bb4 4. f3 c5 5. d5 O-O 6. e4 b5 7. Nh3 d6 8. Nf4 e5 9. Ne2 bxc4 10. Bd2 Nbd7 11. g4 Nb6 12. Ng3 Ne8 13. h4 Nc7 14. Be2 a6 15. a4 Ba5 16. g5 f5 17.
exf5 Bxf5 18. Nxf5 Rxf5 19. Ne4 Bxd2+ 20. Qxd2 a5 21.
h5 Rf4 22. h6 g6 23. Rc1 Kh8 24. Bxc4 Rxf3 25. b3 Rf4 26. Nf6 Ne8 27. Rf1 Nxf6 28. Rxf4 exf4 29. Qc3 Nd7 30. gxf6 Ne5 31. f7 Qf6 32. Kf1 Qxf7 33. Re1 Qf6 34. Re4 Rf8 35. Qxa5 f3 36. Qc3 Qf5 37. Rh4 f2 38. Rh1 g5 39.
Be2 g4 40. Qe3 g3 41. Kg2 Rg8 42. a5 Qf7 43. a6 Qxd5+ 44. Bf3 Qf7 45. Be4 d5 46.
Bxh7 Kxh7 47. Qxe5 d4 48. Qe4+ Rg6 49. Qb7 Qxb7+ 50.
axb7 Rb6 51. Kxg3 Rxb7 52. Kxf2 Rxb3 53. Rh5 Rc3 54. Ke2 c4 55. Rd5 Rc2+ 56. Kd1 d3 57.
Rd6 Rg2 58. Kc1 Rh2 59. Kd1 Rxh6 60. Rd4 Rh1+ 61. Kd2 Rh2+ 62. Kd1 Rc2 0-1

[Event "*** Titled Tuesday Blitz"]
[Site "Chess.com"]
[Date "2020.05.05"]
[Round "6"]
[White "pichonazo"]
[Black "Man-Chuk"]
[Result "0-1"]
[WhiteElo "2512"]
[BlackElo "2743"]
[TimeControl "180+1"]
[EndTime "11:08:57 PDT"]
[Termination "Man-Chuk won by resignation"]

1. e4 g6 2. d4 Bg7 3. Nc3 d6 4. Nf3 a6 5. a4 c6 6. Be2 Nf6 7.
O-O O-O 8. e5 Nd5 9. Nxd5 cxd5 10. Bf4 dxe5 11. Nxe5 f6 12. Nf3 Nc6 13. c4 Be6 14.
cxd5 Bxd5 15. Rc1 e6 16. Bc4 Qd7 17. Re1 Rfe8 18. Bxd5 exd5 19. Qb3 g5 20. Be3 Bf8 21. h3 Kg7 22. Qd3 Bd6 23. b3 Re7 24. Bd2 Rae8 25. Rxe7+ Rxe7 26. Re1 Rxe1+ 27. Nxe1 Qe6 28. Nc2 Qe4 29.
Qxe4 dxe4 30. d5 Ne7 31. Ne3 Bc5 32. d6 Bxd6 33. Bc3 Kf7 34. g4 Ke6 35. Kf1 Be5 36.
Bb4 Nd5 37. Nxd5 Kxd5 38. Ke2 Bd4 39. Be7 Ke6 40. Bd8 h6 41. f3 f5 42. fxe4 fxe4 43. Bc7 Kf7 44. Bd6 Kg6 45. Bb4 h5 46. Bd6 hxg4 47. hxg4 Kf6 48. Bc7 Ke6 49. Bd8 Bf6 50.
Bb6 Be5 51. Be3 Bf4 52. Bd4 Kd5 53. Bc3 b5 54. axb5 axb5 55. Bb2 Kd6 56. Bc3 Kc5 57. Kf2 e3+ 58. Ke2 Kd5 59. Kd3 Be5 60.
Bb4 e2 61. Kxe2 Ke4 62. Be7 Kf4 63. Kd3 Kxg4 64. Ke4 Bc3 65. Kd5 Kf4 66. Kc5 b4 67.
Bd6+ Kf3 0-1

[Event "*** Titled Tuesday Blitz"]
[Site "Chess.com"]
[Date "2020.05.05"]
[Round "6"]
[White "Oglob71"]
[Black "Thjop"]
[Result "0-1"]
[WhiteElo "2474"]
[BlackElo "2661"]
[TimeControl "180+1"]
[EndTime "11:08:57 PDT"]
[Termination "Thjop won by checkmate"]

1. d4 Nf6 2. Nf3 g6 3. c4 Bg7 4.
Nc3 O-O 5. Bg5 d6 6. e3 h6 7.
Bh4 g5 8. Bg3 e6 9. Bd3 Nh5 10.
Nd2 Nxg3 11. hxg3 f5 12. Qe2 c5 13. Nb3 Qe7 14. O-O-O Nc6 15. Bb1 a6 16. g4 f4 17. Ne4 cxd4 18. exd4 Bd7 19. Rhe1 Rac8 20. Bd3 a5 21. Kb1 a4 22. d5 axb3 23. dxc6 bxa2+ 24. Ka1 bxc6 25. Bc2 d5 26. Nc3 Qf6 27. Qd3 Rfe8 28. c5 Rb8 29. Re2 Rb4 30. Kxa2 Ra8+ 31. Ba4 Qxc3 32. Qxc3 Bxc3 33. b3 Bf6 34. Ka3 Rab8 35. Rde1 Kf7 36. f3 e5 37. Rd1 Rd4 38. Rxd4 exd4 39.
b4 d3 40. Rd2 Bc3 41. Rxd3 Bxb4+ 42. Ka2 Bxc5 43. Rc3 Be3 44. Bxc6 Bxc6 45. Rxc6 Rb6 46. Rc8 Ke6 47. Re8+ Kd6 48. Rc8 Ke5 49. Ka3 Kd4 50. Ka4 Kd3 51. Rd8 d4 52. Ka5 Rb2 53. Rd6 Rxg2 54.
Rxh6 Ke2 55. Kb4 Kxf3 56. Kc4 Rxg4 57. Kd3 Rg2 58. Rh3+ Kf2 59. Rh1 g4 60. Ke4 f3 61.
Ra1 Rg1 62. Ra2+ Kg3 63. Kf5 f2 64. Ra3 f1=Q+ 65. Kg6 Qf4 66. Ra6 Rh1 67. Rf6 Rh6+ 68. Kg7 Qxf6+ 69. Kg8 Rh8# 0-1

[Event "*** Titled Tuesday Blitz"]
[Site "Chess.com"]
[Date "2020.05.05"]
[Round "6"]
[White "StockholmMissile"]
[Black "davidkalashian"]
[Result "0-1"]
[WhiteElo "2405"]
[BlackElo "2541"]
[TimeControl "180+1"]
[EndTime "11:08:57 PDT"]
[Termination "davidkalashian won by resignation"]

1. d4 Nf6 2. c4 g6 3. Nc3 Bg7 4. e4 d6 5. h3 O-O 6. Be3 e5 7. d5 Nh5 8. g3 c5 9. Be2 Nf6 10. g4 Ne8 11. Bd3 a6 12. Nge2 b5 13. cxb5 axb5 14. Nxb5 Ba6 15. Nbc3 Bxd3 16. Qxd3 Na6 17. Ng3 Nb4 18. Qd2 c4 19. O-O Rb8 20. Rab1 Nd3 21. b3 Nf4 22. bxc4 Rxb1 23. Nxb1 Nxh3+ 24. Kg2 Nf4+ 25. Bxf4 exf4 26. Qxf4 Be5 27. Qe3 Qh4 28.
Qf3 Nf6 29. Rh1 Qxg4 30. Qxg4 Nxg4 31. Nd2 Ra8 32. Kf3 Rxa2 33. Rd1 h5 34. Ne2 Rc2 35. Nc1 Bd4 36. Nd3 Bc3 37. Nb3 Bf6 38. c5 dxc5 39. Nbxc5 Nxf2 40. Rc1 Rxc1 41. Nxc1 Ng4 42. N1d3 Kf8 43.
Kf4 g5+ 44. Kf5 Kg7 45. e5 Nh6+ 46. Ke4 Bd8 47. d6 h4 48. Nb7 Bb6 49. d7 h3 50.
Nf2 h2 51. Kf3 Bxf2 52. d8=Q h1=Q+ 53. Kxf2 Ng4+ 54. Kg3 Qg1+ 55. Kf3 Nxe5+ 56. Ke4 Qe1+ 57. Kf5 Ng6 58. Qf6+ Kh6 59. Qxg5+ Kh7 60. Qh5+ Kg7 61. Nd6 Qe5+ 62. Kg4 Qxd6 63. Qf5 Qd4+ 64. Kg3 Qe5+ 65. Qxe5+ Nxe5 0-1

[Event "*** Titled Tuesday Blitz"]
[Site "Chess.com"]
[Date "2020.05.05"]
[Round "6"]
[White "Vaathi_Coming"]
[Black "Pittiplatsh"]
[Result "1-0"]
[WhiteElo "2846"]
[BlackElo "2535"]
[TimeControl "180+1"]
[EndTime "11:08:58 PDT"]
[Termination "Vaathi_Coming won on time"]

1. e4 c5 2. Nf3 d6 3. c3 Nf6 4. Be2 Bd7 5. Qc2 Qc7 6. O-O g6 7. d3 Bg7 8. Bg5 O-O 9. Nbd2 Bc6 10. d4 b6 11. Rfe1 Nbd7 12. Bf1 e5 13.
dxe5 dxe5 14. a4 h6 15. Bh4 Rfe8 16. Nc4 Re6 17. Rad1 a6 18. Nfd2 b5 19. Ne3 Qb7 20. f3 c4 21. b4 cxb3 22. Nxb3 Qb6 23. axb5 axb5 24. Bf2 Qc7 25. Nd5 Bxd5 26. exd5 Rd6 27. Bxb5 Rxd5 28. Rxd5 Nxd5 29. c4 Nf4 30. c5 Nf6 31.
Bf1 N6d5 32. Rd1 Nb4 33. Qe4 Nc6 34. Bb5 Rc8 35. Rd6 Nb8 36. Bf1 Ne6 37. Rxe6 fxe6 38.
Qxg6 Qf7 39. Qe4 Nd7 40. c6 Nf6 41. Qa4 Nd5 42. Nc5 Qe7 43. Ne4 Qe8 44. Bb5 Qe7 45. h3 Nf4 46. Qc2 h5 47. Qc5 Qf7 48. Bf1 Qg6 49.
Kh2 Bh6 50. g3 h4 51. gxf4 Bxf4+ 52. Kh1 Qh5 53. Bg2 Rd8 54. Qc2 Qg6 55. c7 Rc8 56. Bxh4 Qf5 57. Bd8 Kf7 58. Nd6+ Kg6 59. Nxf5 exf5 60.
Qc6+ Kh5 61. Qd7 1-0

[Event "*** Titled Tuesday Blitz"]
[Site "Chess.com"]
[Date "2020.05.05"]
[Round "6"]
[White "Micki-taryan"]
[Black "GigaQuparadze"]
[Result "1/2-1/2"]
[WhiteElo "3069"]
[BlackElo "2832"]
[TimeControl "180+1"]
[EndTime "11:09:02 PDT"]
[Termination "Game drawn by repetition"]

1. d4 Nf6 2. Nf3 e6 3. c4 b6 4. Nc3 Bb4 5. Bg5 Bb7 6. e3 h6 7. Bh4 g5 8. Bg3 Ne4 9. Nd2 Bxc3 10. bxc3 Nxg3 11. hxg3 d6 12. Rh2 Nd7 13. Be2 Nf6 14.
Bf3 d5 15. a4 a5 16. g4 Kf8 17.
Kf1 Kg7 18. Kg1 c5 19. Rb1 Bc6 20. cxd5 exd5 21. Nf1 Bd7 22. Ng3 Be6 23. c4 Rc8 24. cxd5 Nxd5 25. Bxd5 Qxd5 26. Nh5+ Kf8 27. Rh3 cxd4 28.
exd4 Rc4 29. Rd3 Ke7 30. Rxb6 Rhc8 31. Rb1 Rd8 32. Ng3 Rxd4 33. Rxd4 Qxd4 34. Qe1 Qxa4 35. Rb7+ Kf8 36. Qe5 Qd4 37. Qxa5 Bxg4 38. Qa3+ Kg8 39.
Qe7 Be6 40. Rb1 Bg4 41. Ne4 Bf5 42. Re1 Bxe4 43. Rxe4 Qd1+ 44. Re1 Qd6 45. Qe3 Qf6 46. g3 Kg7 47. Rc1 Rd6 48. Kg2 Re6 49. Qf3 Qxf3+ 50. Kxf3 Kg6 51. Kg2 h5 52. Rc8 f6 53. Rg8+ Kf7 54. Rh8 Kg6 55. Rg8+ Kh7 56. Ra8 Kg7 57. Ra7+ Kg6 58. Ra8 Re4 59. Rg8+ Kf7 60. Rh8 Kg6 61. Rg8+ Kh7 62. Ra8 h4 63. gxh4 Rxh4 64. Kg3 Kg6 65. Rg8+ Kf5 66. Ra8 Rg4+ 67. Kf3 Rb4 68. Ra5+ Kg6 69.
Kg3 Rb3+ 70. Kg2 g4 71. Ra8 Kg5 72. Rg8+ Kf4 73. Ra8 f5 74. Ra4+ Kg5 75. Ra8 Rb2 76. Rg8+ Kf4 77. Ra8 Re2 78. Ra4+ Re4 79. Ra3 Kg5 80.
Ra8 Re2 81. Rg8+ Kf4 82. Ra8 Kg5 83. Rg8+ Kf6 84. Rf8+ Kg6 85. Rg8+ Kf7 86. Ra8 Kf6 87. Rf8+ Kg5 88. Rg8+ 1/2-1/2

[Event "*** Titled Tuesday Blitz"]
[Site "Chess.com"]
[Date "2020.05.05"]
[Round "6"]
[White "Shota_Azaladze"]
[Black "Bulldog167"]
[Result "0-1"]
[WhiteElo "2696"]
[BlackElo "2926"]
[TimeControl "180+1"]
[EndTime "11:09:03 PDT"]
[Termination "Bulldog167 won by resignation"]

1. Nf3 Nf6 2. g3 b6 3. b3 Bb7 4.
Bg2 c5 5. Bb2 g6 6. Bxf6 exf6 7.
c3 Bg7 8. d4 O-O 9. O-O f5 10.
e3 d5 11. Nbd2 Nd7 12. b4 Qc7 13. Nb3 c4 14. Nbd2 a5 15. b5 a4 16. Rb1 Rfd8 17.
Rb4 a3 18. Ne1 Nf6 19. Nc2 Bf8 20. Rb1 Ne4 21. Nxe4 fxe4 22. f3 exf3 23. Qxf3 Re8 24. Rf2 Bh6 25. Rbf1 Re7 26. Re2 Rae8 27. Rfe1 f5 28.
Nb4 Rd8 29. g4 fxg4 30. Qxg4 Qd7 31. Qh4 Bf8 32. Qg5 Ree8 33. Nc6 Bxc6 34. bxc6 Qxc6 35. e4 Qd6 36. e5 Qe6 37. Rf1 Be7 38. Qe3 Rf8 39. Ref2 Rxf2 40. Rxf2 Rf8 41. Rxf8+ Bxf8 42. Qf3 b5 43. Kf2 Kg7 44. Qxd5 Qf5+ 45. Qf3 Qc2+ 46.
Kg3 Be7 47. d5 h5 48. d6 Bg5 49. h4 Bd8 50. e6 Qd2 51. Qf7+ Kh6 52. Qf8+ Kh7 53.
Qf4 Qe1+ 54. Kh2 Qxe6 55. Bh3 Qe2+ 56. Bg2 Qe6 57. Bc6 Qf6 58. Qd2 Qxh4+ 59. Kg2 Qg5+ 60. Qxg5 Bxg5 61. Bxb5 Bf6 62. Bxc4 Bxc3 63. d7 Bf6 64. Bf7 Kh6 65. Be8 Bd8 66. Kf3 g5 67. Ke4 g4 68.
Kf5 Bc7 69. Bf7 Bd8 70. Be8 g3 71. Bf7 g2 0-1